 Dungeon Crawl Stone Soup version 0.30-a0-743-gbfdf073431 (webtiles) character file.

Game seed: 16025782225801362264

216 jimonade the Sneak (level 5, 0/39 HPs)
             Began as a Mummy Brigand on Feb 6, 2023.
             Slain by a water moccasin zombie (1 damage)
             ... in an ossuary.
             The game lasted 00:05:16 (2771 turns).

jimonade the Sneak (Mummy Brigand)                  Turns: 2771, Time: 00:05:17

Health: 0/39       AC:  5    Str: 14    XL:     5   Next: 61%
Magic:  14/14      EV: 11    Int: 17    God:
Gold:   130        SH:  0    Dex: 13    Spells: 4/4 levels left

rFire   x . .      SeeInvis .    a - +3 trident "Besympuj" {drain, Int+4 Stlth+}
rCold   + . .      Faith    +    (no shield)
rNeg    + + +      Spirit   .    m - +0 leather armour
rPois   ∞          Reflect  .    (no helmet)
rElec   .          Harm     .    u - +1 cloak {rCorr}
rCorr   +          Rampage  .    (no gloves)
Will    .....                    (no boots)
Stlth   +++                      (no amulet)
HPRegen 0.26/turn                o - ring of magical power
MPRegen 0.14/turn                (no ring)

@: no status effects
A: cold resistance 1, negative energy resistance 3, torment resistance 2, heat
vulnerability 1, in touch with death 1, no potions, faith
a: no special abilities


You were in an ossuary.
You visited 1 branch of the dungeon, and saw 4 of its levels.
You also visited: Ossuary.

You collected 130 gold pieces.

Inventory:

Hand Weapons
 a - the +3 trident "Besympuj" (weapon) {drain, Int+4 Stlth+}
   (You found it on level 2 of the Dungeon)

   Int:       It affects your intelligence (+4).
   Stlth:     It makes you more stealthy.
 k - a +2 dagger
 t - a +3 quarterstaff of chaos
Missiles
 d - 9 poisoned darts (quivered)
 e - 3 curare-tipped darts
 l - 6 silver javelins
Armour
 b - a +0 robe
 c - a +0 cloak
 g - a +0 ring mail
 h - an orb of energy
 m - a +0 leather armour (worn)
 u - a +1 cloak of preservation (worn)
Jewellery
 o - a ring of magical power (left hand)
Scrolls
 f - a scroll of enchant armour {unknown}
 i - 4 scrolls of teleportation {unknown}
 j - a scroll of enchant weapon {unknown}
 n - a scroll of vulnerability {unknown}
 p - 2 scrolls of identify {unknown}
 q - a scroll of fog {unknown}
 r - a scroll of immolation {unknown}
 s - a scroll of silence {unknown}


   Skills:
 + Level 2.3 Fighting
 - Level 2.2 Short Blades
 * Level 2.5 Polearms
 - Level 1.5 Throwing
 + Level 1.0 Armour
 + Level 1.4 Dodging
 + Level 4.2 Stealth


You had 4 spell levels left.
You didn't know any spells.
Your spell library contained the following spells:

 Spells                   Type           Power      Damage    Failure   Level
 Kiss of Death            Conj/Necr      0%         2d5       28%         1
 Confusing Touch          Hex            0%         N/A       65%         3
 Dispel Undead            Necr           0%         3d6       96%         4


Dungeon Overview and Level Annotations

Branches:
Dungeon (4/15)            Ossuary (1/1)
 Temple: D:4-7

Altars:
Makhleb
Nemelex Xobeh
Qazlal
Ru
Sif Muna
Trog
Wu Jian
Xom

Shops:
D:3 (


Innate Abilities, Weirdness & Mutations

You are immune to poison.
Your flesh is cold resistant. (rC+)
You are immune to negative energy. (rN+++)
You are immune to unholy pain and torment.
You are vulnerable to heat. (rF-)
You are in touch with the powers of death.
You do not drink.
You have a special connection with the divine. (Faith)


Message History

The water moccasin zombie is moderately damaged.
The water moccasin zombie closely misses you.
You hit the water moccasin zombie.
The water moccasin zombie is moderately damaged.
The water moccasin zombie bites you. The water moccasin zombie misses you.
You puncture the water moccasin zombie!
The water moccasin zombie is heavily damaged.
The water moccasin zombie bites you.
You closely miss the water moccasin zombie.
The water moccasin zombie is heavily damaged.
The water moccasin zombie bites you but does no damage.
You hit the water moccasin zombie.
The water moccasin zombie is heavily damaged.
The water moccasin zombie completely misses you.
The water moccasin zombie barely misses you.
You hit the water moccasin zombie but do no damage.
The water moccasin zombie is heavily damaged.
The water moccasin zombie barely misses you.
You completely miss the water moccasin zombie.
The water moccasin zombie is heavily damaged.
The water moccasin zombie barely misses you.
The water moccasin zombie bites you but does no damage.
You barely miss the water moccasin zombie.
The water moccasin zombie is heavily damaged.
The water moccasin zombie bites you.
* * * LOW HITPOINT WARNING * * *
You closely miss the water moccasin zombie.
The water moccasin zombie is heavily damaged.
The water moccasin zombie bites you.
* * * LOW HITPOINT WARNING * * *
You puncture the water moccasin zombie!
The water moccasin zombie is almost destroyed.
The water moccasin zombie bites you.
* * * LOW HITPOINT WARNING * * *
The water moccasin zombie bites you.
* * * LOW HITPOINT WARNING * * *
You closely miss the water moccasin zombie.
The water moccasin zombie is almost destroyed.
The water moccasin zombie bites you.
You die... #...# # #...# # #...# # #...# # #'### # #...# # #...# # #...# # #@..# # #Z### # #ZZ

# #Z.. ###
#####
#...#
#!?!!#...#
#...+
+!$$!#.∩.'
#...#
#?!!?#...#
##### ###
#####


You could see an adder zombie, a water moccasin zombie, a kobold zombie and an
orc zombie.

Vanquished Creatures
  An orc priest (D:3)
  Crazy Yiuf (D:3)
  5 adders (D:2)
  4 adder zombies (Ossuary)
  A worm (D:2)
  A dart slug (D:4)
  5 orcs (D:3)
  8 ball pythons
  12 endoplasms
  5 giant cockroaches
  3 gnoll zombies (Ossuary)
  4 goblins
  5 hobgoblins
  4 kobolds
  A quokka (D:3)
  6 bats
  5 frilled lizards
  5 hobgoblin zombies (Ossuary)
  3 kobold zombies (Ossuary)
  7 orc zombies (Ossuary)
  6 rats
92 creatures vanquished.

Notes
Turn   | Place    | Note
-------+----------+-------------------------------------------
     0 | D:1      | jimonade the Mummy Brigand began the quest for the Orb.
     0 | D:1      | Reached XP level 1. HP: 16/16 MP: 1/1
   188 | D:1      | Reached XP level 2. HP: 22/22 MP: 2/2
   481 | D:1      | Reached skill level 1 in Dodging
   841 | D:2      | Gained mutation: You are in touch with the powers of death.
                  | [Mummy growth]
   841 | D:2      | Reached XP level 3. HP: 24/27 MP: 3/3
   930 | D:2      | Identified the +3 trident "Besympuj" {drain, Int+4 Stlth+}
   942 | D:2      | Found a shimmering altar of Xom.
  1117 | D:2      | Reached skill level 4 in Stealth
  1231 | D:2      | Reached XP level 4. HP: 26/33 MP: 4/4
  1346 | D:2      | Reached skill level 1 in Polearms
  1685 | D:3      | Found Jure Kya's Antique Weapon Emporium.
  1693 | D:3      | Found a shimmering altar of Xom.
  1716 | D:3      | Found an ornate altar of the Wu Jian Council.
  1716 | D:3      | Found a stormy altar of Qazlal.
  1717 | D:3      | Found a burning altar of Makhleb.
  1717 | D:3      | Found a sparkling altar of Nemelex Xobeh.
  1718 | D:3      | Found a bloodstained altar of Trog.
  1718 | D:3      | Found a sacrificial altar of Ru.
  1718 | D:3      | Found a shimmering blue altar of Sif Muna.
  1738 | D:3      | Reached XP level 5. HP: 6/38 MP: 5/5
  2109 | D:3      | Found a faded altar of an unknown god.
  2177 | D:3      | Found a runed translucent door.
  2178 | D:3      | Noticed Crazy Yiuf
  2208 | D:3      | Found a shimmering altar of Xom.
  2211 | D:3      | Found a shimmering altar of Xom.
  2212 | D:3      | Found a shimmering altar of Xom.
  2215 | D:3      | Found a shimmering altar of Xom.
  2217 | D:3      | Found a shimmering altar of Xom.
  2217 | D:3      | Found a shimmering altar of Xom.
  2433 | D:3      | Killed Crazy Yiuf
  2434 | D:3      | Reached skill level 1 in Armour
  2606 | D:4      | Found a sand-covered staircase.
  2617 | Ossuary  | Entered an ossuary
  2770 | Ossuary  | HP: 1/39 [water moccasin zombie (4)]
  2771 | Ossuary  | Slain by a water moccasin zombie

Illustrated notes

Levels and vault maps discovered:
D:1:      eino_arrival_water_star, layout_loops_cross
D:2:      layout_loops_ring, basic_altar, corexii_hall_statues_l,
          minmay_joined_circles
D:3:      layout_loops_ring, grunt_temple_overflow_open,
          nicolae_xom_altar_mimics, serial_shops, shop,
          shapermc_ecumenical_altar_notcrosses, uniq_crazy_yiuf_cottage
D:4:      layout_rooms, nicolae_overflow_hidden_temple, enter_ossuary_4,
          serial_bayou, serial_bayou_shore_a, serial_bayou_lagoon_b,
          serial_bayou_ford_a, serial_bayou_pond_d, gup_sewer_entry_bowl,
          interstate_on_off, st_stairs_4
Ossuary:  ossuary_tomb_2

Skill      XL: |  1  2  3  4  5 |
---------------+----------------+-----
Dodging        | 1 |  1.4
Short Blades   | 2 |  2.2
Stealth        | 4 |  4.2
Polearms       | 1 2 |  2.5
Armour         | 1 |  1.0
Fighting       | |  2.3
Throwing       | |  1.5

Action                     |  1- 3 |  4- 6 || total
---------------------------+-------+-------++-------
  Melee: Dagger            |    87 |       ||    87
         Trident           |    25 |   156 ||   181
         Punch             |       |     1 ||     1
   Stab: Sleeping          |     6 |    12 ||    18
 Armour: Robe              |     8 |       ||     8
         Ring mail         |    19 |       ||    19
         Leather armour    |       |    24 ||    24
  Dodge: Dodged            |    57 |    68 ||   125

Table legend: (Time is in decaauts)
 A = Elapsed time spent in this place.
 B = Non-inter-level travel time spent in this place.
 C = Inter-level travel time spent in this place.
 D = Time resting spent in this place.
 E = Time spent auto-exploring this place.
 F = Levels seen in this place.
 G = Mean time per level.
                   A        B        C        D        E       F      G
               +--------+--------+--------+--------+--------+-----+--------+
         Total |   2800 |   2638 |    162 |      0 |   1946 |   5 |  560.0 |
       Dungeon |   2630 |   2468 |    162 |      0 |   1895 |   4 |  657.5 |
       Ossuary |    170 |    170 |      0 |      0 |     51 |   1 |  170.0 |
               +--------+--------+--------+--------+--------+-----+--------+

Top non-repeatable levels by time:
     D:3: 976 daAuts
     D:2: 850 daAuts
     D:1: 779 daAuts
 Ossuary: 170 daAuts
     D:4: 23 daAuts
